Map: Frozen Temple

Players

ThisGameSuck

  • Race: Protoss Protoss
  • League: Grandmaster

soul - Winner!

  • Race: Terran Terran
  • League: Grandmaster

VOD

Have the link to the VOD?

Description

Time

  • Played on: June 30, 2016, 9:26 a.m.
  • Length: 2:54
Show
View Real Time Build Order
Export as new Build Order

ThisGameSuck Protoss 

Build Orders: 1 Gate Expand 

Get SALT Encoding   

  12  0:01  Probe (Chrono Boost)  
  13  0:11  Probe (Chrono Boost)  
  14  0:17  Pylon  
  14  0:22  Probe (Chrono Boost)  
  15  0:36  Probe (Chrono Boost)  
  15  0:37  Gateway  
  16  0:46  Probe (Chrono Boost)  
  16  0:47  Assimilator  
  18  0:57  Probe (Chrono Boost)  
  18  1:07  Probe (Chrono Boost)  
  19  1:20  Nexus  
  20  1:28  Cybernetics Core  
  20  1:31  Probe (Chrono Boost)  
  20  1:36  Assimilator  
  20  1:42  Zealot (Chrono Boost)  
  22  1:50  Pylon  
  22  1:54  Probe  
  25  2:09  Mothership Core (Chrono Boost)  
  23  2:27  Probe (Chrono Boost)  
  26  2:36  Probe  
  26  2:40  Probe  
Show
View Real Time Build Order
Export as new Build Order

soul Terran - Winner!

Build Orders:  

Get SALT Encoding   

  12  0:01  SCV  
  13  0:17  Supply Depot  
  13  0:18  SCV  
  14  0:32  SCV  
  15  0:39  Barracks  
  15  0:44  Refinery  
  15  0:49  SCV  
  16  1:01  SCV  
  17  1:13  SCV  
  18  1:27  Orbital Command  
  18  1:28  Reaper  
  19  1:47  Bunker  
  19  1:50  Supply Depot  
  19  1:53  SCV  
  20  2:00  Marine  
  21  2:05  Factory, SCV  
  22  2:17  SCV  
  23  2:23  Marine  
  23  2:29  SCV  
  25  2:35  Bunker  
  25  2:40  Command Center  
  26  2:49  Factory Tech Lab  
Tags
 
Add a new tag
Caveats
  • Supply blocks, unpowered buildings, or Contaminate may cause inaccurate times.
  • Supply counts are checked every 10 seconds.